 Dungeon Crawl Stone Soup version 0.28.0-47-ge53b351184 (webtiles) character file.

Game seed: 5851086848936218473

528 pkoi the Conjurer (level 6, -3/45 HPs)
             Began as a Demigod Conjurer on May 4, 2022.
             Killed by nerve-wracking pain
             ... invoked by a shadow imp
              (12 damage)
             ... on level 5 of the Dungeon.
             The game lasted 00:09:14 (7409 turns).

pkoi the Conjurer (Demigod Conjurer)                Turns: 7409, Time: 00:09:15

Health: -3/45      AC:  4    Str:  8    XL:     6   Next: 72%
Magic:  7/14       EV: 12    Int: 28    God:
Gold:   200        SH:  0    Dex: 12    Spells: 4/11 levels left

rFire   . . .      SeeInvis +   j - +2 hand axe (freeze)
rCold   . . .      Faith    .   (no shield)
rNeg    . . .      Spirit   .   a - +0 robe
rPois   .          Reflect  .   q - +1 helmet
rElec   .          Harm     .   (no cloak)
rCorr   .          Rampage  .   (no gloves)
Will    .....                   (no boots)
Stlth   ++........              (no amulet)
HPRegen 0.15/turn               v - ring of see invisible
MPRegen 0.14/turn               y - ring of flight

@: flying
A: high MP 1, forlorn, divine attributes
a: no special abilities


You were on level 5 of the Dungeon.
You visited 1 branch of the dungeon, and saw 5 of its levels.

You collected 200 gold pieces.

Inventory:

Hand Weapons
 b - a +0 club
 c - a +0 trident
 d - a +0 short sword
 j - a +2 hand axe of freezing (weapon)
Missiles
 k - 5 poisoned darts
Armour
 a - a +0 robe (worn)
 f - a +0 ring mail of poison resistance
 q - a +1 helmet (worn)
Jewellery
 v - a ring of see invisible (left hand)
 y - a ring of flight (right hand)
Wands
 i - a wand of flame (15)
 o - a wand of iceblast (12)
Scrolls
 g - 2 scrolls of magic mapping {unknown}
 m - a scroll of brand weapon {unknown}
 r - a scroll of silence {unknown}
 t - a scroll of identify {unknown}
 u - a scroll of blinking {unknown}
 w - a scroll of vulnerability {unknown}
Potions
 e - 2 potions of lignification {unknown}
 h - a potion of cancellation {unknown}
 l - 2 potions of brilliance {unknown}
 n - a potion of flight {unknown}
 p - a potion of ambrosia {unknown}
 s - a potion of might {unknown}
 x - a potion of curing {unknown}


   Skills:
 - Level 1.7 Dodging
 - Level 1.7 Stealth
 + Level 3.2 Spellcasting
 - Level 5.6 Conjurations
 - Level 2.6 Hexes
 - Level 2.6 Translocations


You had 4 spell levels left.
You knew the following spells:

 Your Spells              Type           Power      Damage    Failure   Level
a - Magic Dart            Conj           100%       1d8       1%          1
b - Searing Ray           Conj           72%        2d7       1%          2
c - Iskenderun's Mystic   Conj/Tloc      27%        2d7       14%         4

Your spell library contained the following spells:

 Spells                   Type           Power      Damage    Failure   Level
 Static Discharge         Conj/Air       20%        N/A       3%          2
 Dazzling Flash           Conj/Hex       54%        N/A       4%          3
 Sting                    Tmut/Pois      16%        1d3       9%          1
 Mephitic Cloud           Conj/Pois/Air  15%        N/A       11%         3
 Call Imp                 Summ           4%         N/A       12%         2
 Poisonous Vapours        Pois/Air       8%         N/A       12%         2
 Fulminant Prism          Conj/Hex       13%        3d9       14%         4
 Ignite Poison            Fire/Tmut/Pois 4%         N/A       24%         3
 Sticky Flame             Conj/Fire      20%        2d4       26%         4
 Airstrike                Air            2%         N/A       63%         4
 Dispel Undead            Necr           4%         3d7       63%         4
 Olgreb's Toxic Radiance  Pois           4%         N/A       63%         4
 Summon Lightning Spire   Summ/Air       4%         N/A       63%         4
 Lightning Bolt           Conj/Air       10%        1d23      56%         5
 Freezing Cloud           Conj/Ice/Air   7%         6-21      71%         5


Dungeon Overview and Level Annotations

Branches:
Dungeon (5/15)             Temple (0/1) D:4

Annotations:
D:3 1 runed translucent door, styxcanada's ghost, weakling SpBr


Innate Abilities, Weirdness & Mutations

You have an increased reservoir of magic. (+10% MP)
You shall have no god before yourself.
Your divine heritage dramatically boosts your attributes as you level up.


Message History

An ogre is nearby!
Unknown command.
The magic dart hits the ogre.
The ogre is lightly wounded.
The ogre shouts!
The magic dart hits the ogre!
The ogre is heavily wounded.
The magic dart hits the ogre.
The ogre is heavily wounded.
A shadow imp comes into view.
The magic dart hits the ogre.
The ogre is severely wounded.
The shadow imp shouts!
The magic dart hits the ogre but does no damage.
The ogre is severely wounded.
A centaur comes into view.
The magic dart hits the ogre!
The ogre is almost dead.
The magic dart hits the ogre.
You kill the ogre!
The centaur wields a +0 shortbow.
The centaur shoots an arrow.
The arrow hits you!
* * * LOW HITPOINT WARNING * * *
Your Spellcasting skill increases to level 3!
You are too injured to fight recklessly!
Unknown command.
The shadow imp hits you.
* * * LOW HITPOINT WARNING * * *
The centaur shoots an arrow.
The arrow hits you!
* * * LOW HITPOINT WARNING * * *
A hound skeleton comes into view.
The centaur shoots an arrow.
The arrow completely misses you.
The centaur shoots an arrow.
The arrow hits you.
* * * LOW HITPOINT WARNING * * *
The shadow imp hits you but does no damage.
The centaur shoots an arrow.
The arrow hits you!
* * * LOW HITPOINT WARNING * * *
The shadow imp gestures at you. Pain shoots through your body!
You die...

#.......Z.#
#.....)..c#
#.........#
#.........#
#.........#
#########c#
#.5...# .....
#.##### .....
#@# ..... #.#
.....
#.###### ...
#......# +#
#. ######.#
#.# #.
#.######.###.
#.....##.#...
#####'##.#...
#.......#..#


You could see a shadow imp.

Vanquished Creatures
  Sigmund (D:2)
  An ogre (D:5)
  A jelly (D:4)
  A centaur skeleton (D:4)
  Terence (D:3)
  An orc wizard (D:4)
  2 hound skeletons (D:4)
  Robin (D:3)
  5 adders
  An adder skeleton (D:4)
  2 worms
  A dart slug (D:4)
  7 orcs (D:4)
  4 endoplasms
  3 giant cockroaches
  10 goblins
  15 hobgoblins
  5 quokkas
  6 ball pythons
  5 bats
  6 frilled lizards
  6 kobolds
  A quokka skeleton (D:4)
  6 rats
92 creatures vanquished.

Notes
Turn   | Place    | Note
-------+----------+-------------------------------------------
     0 | D:1      | pkoi the Demigod Conjurer began the quest for the Orb.
     0 | D:1      | Reached XP level 1. HP: 14/14 MP: 5/5
   400 | D:1      | Reached skill level 4 in Conjurations
   809 | D:1      | Reached XP level 2. HP: 20/20 MP: 4/7
  1538 | D:2      | Learned a level 2 spell: Searing Ray
  1935 | D:2      | Reached XP level 3. HP: 26/26 MP: 2/8
  2318 | D:2      | Noticed Sigmund
  3027 | D:2      | Killed Sigmund
  3028 | D:2      | Reached skill level 5 in Conjurations
  3028 | D:2      | Reached skill level 1 in Hexes
  3028 | D:2      | Reached skill level 1 in Translocations
  3028 | D:2      | Reached XP level 4. HP: 23/33 MP: 1/9
  3028 | D:2      | Reached XP level 5. HP: 27/38 MP: 1/11
  3621 | D:2      | Learned a level 4 spell: Iskenderun's Mystic Blast
  3797 | D:3      | Found a runed translucent door.
  3805 | D:3      | Noticed styxcanada's ghost (weakling SpBr)
  4821 | D:3      | Noticed Terence
  5382 | D:3      | Killed Terence
  5581 | D:3      | Noticed Robin
  5604 | D:3      | Killed Robin
  6166 | D:4      | Reached XP level 6. HP: 45/45 MP: 6/12
  6489 | D:4      | Found a staircase to the Ecumenical Temple.
  7302 | D:5      | Entered Level 5 of the Dungeon
  7409 | D:5      | Killed from afar by a shadow imp

Illustrated notes

Levels and vault maps discovered:
D:1:      mrwooster_arrival_statue_2, layout_basic,
          shapermc_ecumenical_altar_mp_vishouse, hangedman_decor_points,
          chequers_serial_rivers_large_a
D:2:      layout_basic, uniq_sigmund
D:3:      layout_basic, ebering_ghost_sewer_d, grunt_decor_arrowhead,
          minmay_fountain_box, minmay_increasing_density, uniq_robin,
          uniq_terence
D:4:      layout_cave_pods, minmay_temple_entry_mini_moons
D:5:      kennysheep_six_static_rooms, layout_basic, minmay_holes

Skill      XL: |  1  2  3  4  5  6 |
---------------+-------------------+-----
Conjurations   | 4 5 |  5.6
Spellcasting   | 2 3 |  3.2
Hexes          | 1 2 |  2.6
Translocations | 1 2 |  2.6
Dodging        | |  1.7
Stealth        | |  1.7

Action                   |  1- 3 |  4- 6 || total
-------------------------+-------+-------++-------
Melee: Trident           |     1 |       ||     1
       Hand axe          |       |     6 ||     6
 Cast: Magic Dart        |    67 |   124 ||   191
       Searing Ray       |     3 |     6 ||     9
       Iskenderun's Myst |       |     1 ||     1
Armor: Robe              |       |     4 ||     4
Dodge: Dodged            |     8 |    19 ||    27
